Map: Eternal Empire LE

Players

LiquidClem (Clem) - Winner!

  • Race: Terran Terran
  • League: Master
  • Spawn Location: 7:00

SKillous

  • Race: Protoss Protoss
  • League: Master
  • Spawn Location: 1:00

Event: StayAtHomestory Cup #2

VOD

Have the link to the VOD?

Description

Time

  • Played on: June 11, 2020, 6:24 a.m.
  • Length: 11:08

All games in this series

Show
View Real Time Build Order
Export as new Build Order

LiquidClem Terran - Winner!

Build Orders: Gas First Reaper Expand 

Get SALT Encoding   

  12  0:00  SCV  
  13  0:12  SCV  
  14  0:16  Supply Depot  
  14  0:24  SCV  
  15  0:28  Refinery  
  15  0:38  SCV  
  16  0:44  Barracks  
  16  0:50  SCV  
  17  1:02  SCV  
  18  1:14  SCV  
  19  1:30  Orbital Command  
  19  1:31  Reaper  
  20  1:46  Command Center  
  20  1:55  Factory  
  20  1:59  SCV  
  21  2:10  Barracks Reactor  
  21  2:11  SCV  
  21  2:12  Supply Depot  
  22  2:18  Refinery  
  22  2:23  SCV  
  23  2:35  SCV  
  23  2:45  Starport  
  23  2:47  Marine x2  
  23  2:48  SCV  
  23  2:50  Factory Tech Lab  
  26  3:00  SCV  
  26  3:05  Orbital Command  
  27  3:06  Marine x2  
  27  3:12  SCV  
  30  3:16  Cyclone  
  30  3:27  Viking  
  31  3:30  SCV  
  31  3:32  Marine x2  
  36  3:35  SCV  
  37  3:41  Supply Depot  
  37  3:43  SCV  
  37  3:47  SCV  
  39  3:51  Cyclone  
  39  3:55  Marine x2  
  44  3:56  SCV  
  44  3:59  SCV  
  46  4:03  Viking  
  46  4:08  Supply Depot  
  48  4:11  SCV x2  
  48  4:14  Marine  
  48  4:15  Marine  
  52  4:23  SCV x2  
  54  4:30  Siege Tank  
  57  4:31  Supply Depot  
  57  4:32  Marine x2  
  57  4:35  SCV x2  
  59  4:45  Viking  
  59  4:46  Supply Depot  
  59  4:47  SCV  
  62  4:53  SCV, Marine x2  
  65  5:02  SCV  
  65  5:10  Marine  
  65  5:14  SCV  
  65  5:24  Siege Tank  
  65  5:25  Marine  
  65  5:26  SCV  
  69  5:28  Marine  
  69  5:30  Viking  
  69  5:31  Command Center, Supply Depot  
  69  5:33  SCV  
  69  5:38  SCV  
  64  5:43  Marine  
  64  5:46  Marine  
  64  5:49  SCV  
  65  5:54  Barracks  
  65  5:56  Barracks  
  60  5:59  Siege Tank  
  60  6:01  SCV x2  
  60  6:02  Refinery  
  60  6:03  Marine  
  66  6:08  Viking  
  68  6:14  SCV  
  64  6:20  SCV, Supply Depot  
  65  6:26  SCV, Engineering Bay x2  
  65  6:29  Marine x2  
  65  6:31  Refinery  
  68  6:33  SCV  
  68  6:38  SCV  
  70  6:45  Barracks Tech Lab  
  70  6:46  Orbital Command  
  67  6:47  Marine  
  67  6:50  SCV x2, Starport Reactor  
  67  6:52  Factory Reactor  
  70  6:56  Marauder, Stimpack  
  70  6:58  Marine  
  71  7:02  SCV  
  71  7:05  Marauder  
  71  7:08  Orbital Command, Combat Shield  
  70  7:09  Marine  
  70  7:10  SCV  
  70  7:15  SCV  
  67  7:16  Marine  
  67  7:18  Terran Infantry Weapons Level 1  
  67  7:19  Marauder  
  67  7:22  Barracks x2  
  70  7:25  Missile Turret, SCV  
  70  7:27  Marine  
  72  7:30  SCV  
  72  7:32  Terran Infantry Armor Level 1  
  72  7:34  Marine  
  72  7:35  SCV  
  75  7:38  SCV  
  75  7:42  Missile Turret, SCV  
  75  7:43  Marauder  
  79  7:45  Marauder  
  79  7:47  SCV  
  79  7:50  SCV  
  83  7:53  Marine x2, Medivac  
  83  7:54  SCV  
  85  7:59  SCV  
  85  8:03  Medivac  
  85  8:04  SCV, Marauder  
  85  8:05  Supply Depot  
  89  8:06  Marauder  
  89  8:07  Widow Mine x2  
  89  8:09  Refinery  
  89  8:11  Marine x2, Refinery  
  97  8:13  SCV x2  
  97  8:16  SCV  
  97  8:18  Barracks Reactor, Barracks Tech Lab  
  100  8:23  Supply Depot  
  100  8:26  Marauder  
  100  8:27  Ghost Academy  
  102  8:29  Marine x2, Supply Depot  
  102  8:30  Widow Mine x2, Marauder  
  102  8:31  SCV  
  102  8:34  SCV  
  112  8:38  Marauder  
  112  8:39  Medivac  
  111  8:41  SCV  
  111  8:44  SCV  
  111  8:47  Marauder, Marine, Medivac  
  116  8:53  Supply Depot  
  116  8:54  Marine  
  117  8:59  Marine x2, Widow Mine x2  
  117  9:00  Command Center  
  123  9:04  Supply Depot  
  123  9:06  Missile Turret x2, Ghost  
  123  9:09  Concussive Shells  
  123  9:12  Ghost  
  123  9:16  Marine  
  123  9:17  SCV, Marine  
  121  9:18  SCV  
  121  9:22  Marauder  
  124  9:26  Marine x2  
  130  9:31  SCV x2  
  130  9:34  Supply Depot  
  130  9:37  Marine  
  130  9:38  Marine, Marauder  
  136  9:40  Medivac x2  
  136  9:42  Marauder  
  136  9:44  Armory  
  138  9:45  SCV  
  138  9:46  SCV x2  
  138  9:48  Marine  
  142  9:53  Starport  
  142  9:58  SCV  
  142  9:59  Marine x2  
  145  10:00  Missile Turret, Marauder  
  145  10:05  Marauder  
  145  10:06  Marine  
  150  10:09  Ghost  
  150  10:11  Marine  
  150  10:13  SCV x2  
  155  10:17  SCV  
  156  10:22  Marine, Marauder  
  156  10:24  Missile Turret  
  156  10:25  Viking x2  
  156  10:26  Marine x2  
  165  10:29  Marauder  
  165  10:31  Unknown  
  165  10:35  Marine  
  168  10:39  Marauder  
  170  10:43  Marauder  
  170  10:44  Missile Turret  
  170  10:45  Marine  
  170  10:48  SCV  
  170  10:49  SCV  
  172  10:50  SCV  
Show
View Real Time Build Order
Export as new Build Order

SKillous Protoss 

Build Orders: 1 Gate Expand, Oracle Opening, Blink Stalkers 

Get SALT Encoding   

  12  0:00  Probe  
  13  0:13  Probe  
  14  0:19  Pylon  
  14  0:24  Probe  
  15  0:33  Probe  
  15  0:38  Gateway  
  15  0:41  Probe  
  16  0:46  Assimilator  
  17  0:51  Probe  
  18  1:03  Probe  
  19  1:16  Probe  
  20  1:25  Cybernetics Core  
  20  1:34  Nexus  
  20  1:36  Probe  
  21  1:44  Pylon  
  21  1:50  Assimilator  
  21  1:52  Adept, Probe  
  22  2:04  Probe  
  25  2:16  Probe  
  25  2:17  Stargate  
  26  2:25  Probe  
  26  2:28  Stalker  
  29  2:33  Probe  
  29  2:43  Probe  
  30  2:44  Probe  
  31  2:52  Probe, Warp Gate  
  31  2:55  Probe  
  33  3:02  Probe  
  33  3:04  Oracle  
  36  3:07  Probe  
  36  3:10  Probe  
  36  3:18  Probe  
  36  3:19  Probe  
  39  3:30  Twilight Council  
  39  3:31  Probe  
  38  3:34  Probe  
  39  3:43  Probe, Gateway  
  39  3:45  Gateway  
  39  3:46  Probe  
  39  3:47  Blink  
  41  3:52  Pylon, Assimilator  
  41  3:56  Probe  
  41  3:58  Probe  
  43  4:03  Robotics Facility  
  43  4:08  Probe  
  44  4:10  Probe  
  45  4:20  Probe  
  45  4:22  Probe  
  47  4:26  Nexus  
  47  4:27  Pylon  
  47  4:41  Probe  
  47  4:43  Probe  
  47  4:45  Stalker x3  
  55  4:49  Shield Battery  
  55  4:54  Probe  
  55  4:55  Shield Battery  
  56  5:04  Pylon  
  56  5:08  Stalker x3  
  56  5:12  Probe  
  60  5:15  Pylon  
  53  5:31  Stalker x3  
  53  5:33  Probe  
  53  5:34  Probe  
  59  5:38  Probe  
  54  5:45  Probe  
  54  5:46  Probe  
  54  5:54  Probe  
  54  5:55  Stalker x3  
  55  6:01  Gateway  
  55  6:02  Gateway  
  55  6:04  Gateway  
  55  6:10  Probe  
  56  6:16  Charge, Probe  
  52  6:19  Probe  
  52  6:20  Probe  
  52  6:24  Probe  
  52  6:25  Stalker x2  
  59  6:28  Probe  
  59  6:29  Pylon  
  59  6:31  Probe  
  62  6:34  Probe  
  62  6:39  Shield Battery  
  63  6:45  Pylon  
  59  6:48  Stalker x2  
  63  6:57  Stalker x2  
  63  7:00  Probe  
  63  7:01  Probe  
  62  7:04  Stalker  
  62  7:05  Probe  
  62  7:08  Probe, Robotics Facility  
  56  7:13  Probe  
  56  7:14  Probe  
  56  7:16  Probe  
  56  7:21  Stalker x2  
  56  7:22  Probe  
  62  7:24  Probe, Stalker x2  
  62  7:25  Probe  
  69  7:32  Probe  
  69  7:34  Stalker  
  69  7:36  Probe  
  73  7:37  Probe  
  73  7:40  Forge  
  74  7:44  Probe, Stalker  
  74  7:45  Stalker  
  79  7:54  Warp Prism  
  79  7:57  Probe x2  
  81  8:02  Probe, Protoss Ground Weapons Level 1  
  82  8:07  Zealot x4  
  82  8:09  Probe x2  
  82  8:10  Zealot  
  94  8:13  Assimilator  
  94  8:16  Assimilator  
  92  8:22  Probe x2  
  92  8:25  Forge  
  92  8:26  Probe  
  95  8:28  Robotics Bay  
  95  8:30  Assimilator  
  95  8:34  Probe  
  95  8:35  Probe  
  95  8:38  Probe  
  90  8:43  Probe  
  90  8:47  Probe  
  92  8:50  Probe, Dark Shrine  
  92  8:51  Zealot  
  92  8:52  Zealot x3  
  101  8:55  Pylon  
  101  8:56  Pylon  
  101  8:59  Pylon  
  101  9:02  Probe  
  101  9:04  Probe, Gateway  
  101  9:06  Colossus  
  101  9:09  Pylon  
  108  9:19  Robotics Facility  
  108  9:20  Pylon  
  108  9:22  Probe  
  100  9:25  Probe x2  
  100  9:26  Stalker x2  
  100  9:30  Probe  
  102  9:35  Zealot  
  102  9:37  Probe  
  104  9:40  Probe  
  105  9:52  Gateway  
  105  9:53  Gateway  
  105  9:57  Sentry x2  
  109  10:01  Colossus  
  115  10:08  Dark Templar  
  115  10:09  Dark Templar  
  119  10:17  Zealot  
  121  10:25  Zealot x2  
  131  10:33  Photon Cannon  
  131  10:37  Photon Cannon  
  129  10:45  Probe  
  128  10:54  Zealot x6  
  134  11:01  Zealot x2  
Tags
 
Add a new tag
Caveats
  • Supply blocks, unpowered buildings, or Contaminate may cause inaccurate times.
  • Supply counts are checked every 10 seconds.